 Dungeon Crawl Stone Soup version 0.30-a0-777-ga9a30cbeda (webtiles) character file.

Game seed: 8656648647094500565

872 Orangeyouglad the Sneak (level 7, 0/43 HPs)
             Began as a Vampire Gladiator on Feb 14, 2023.
             Was an Initiate of Gozag.
             Slain by Pargi (8 damage)
             ... in a sewer.
             The game lasted 00:17:05 (4657 turns).

Orangeyouglad the Sneak (Vampire Gladiator)         Turns: 4657, Time: 00:17:06

Health: 0/43       AC:  4    Str: 15      XL:     7   Next: 74%
Magic:  7/7        EV: 14    Int: 10      God:    Gozag
Gold:   479        SH:  0    Dex: 15 (16) Spells: 3/6 levels left

rFire   . . .      SeeInvis +      - Unarmed
rCold   + + .      Faith    .    (no shield)
rNeg    + + +      Spirit   .    a - +0 leather armour
rPois   ∞          Reflect  .    b - +0 helmet
rElec   .          Harm     .    (no cloak)
rCorr   .          Rampage  .    (no gloves)
Will    .....                    (no boots)
Stlth   +++++                    (no amulet)
HPRegen 0.00/turn                (no ring)
MPRegen 0.10/turn                (no ring)

@: mighty, bloodless, inhibited regen
A: bloodless, fangs 3, see invisible, vampiric 2
a: Bat Form, Revivify, Renounce Religion, Potion Petition, Call Merchant, Bribe
Branch


You were in a sewer.
You worshipped Gozag.
Gozag was aware of your devotion.
You visited 2 branches of the dungeon, and saw 7 of its levels.
You also visited: Sewer.

You collected 889 gold pieces.
You paid 410 gold pieces to Gozag.

Inventory:

Armour
 a - a +0 leather armour (worn)
 b - a +0 helmet (worn)
 f - a scarf of harm
Jewellery
 t - a +6 ring of intelligence
Wands
 c - a wand of flame (13)
Scrolls
 i - 3 scrolls of teleportation {unknown}
 j - a scroll of noise {unknown}
 k - a scroll of blinking
 l - a scroll of poison {unknown}
 m - a scroll of fog
 n - 2 scrolls of enchant weapon {unknown}
 s - 2 scrolls of enchant armour {unknown}
Potions
 e - a potion of lignification
 h - a potion of mutation
 p - a potion of brilliance {unknown}
 q - a potion of resistance {unknown}


   Skills:
 + Level 4.1 Fighting
 - Level 1.5 Throwing
 + Level 5.5 Dodging
 + Level 6.2 Stealth
 + Level 5.5 Unarmed Combat
 + Level 4.2 Hexes


You had 3 spell levels left.
You knew the following spells:

 Your Spells              Type           Power      Damage    Failure   Level
a - Confusing Touch       Hex            8%         N/A       26%         3

Your spell library contained the following spells:

 Spells                   Type           Power      Damage    Failure   Level
 Slow                     Hex            32%        N/A       9%          1
 Summon Guardian Golem    Hex/Summ       4%         N/A       52%         3
 Gell's Gravitas          Tloc           0%         N/A       80%         3
 Teleport Other           Tloc           0%         N/A       80%         3
 Vampiric Draining        Necr           0%         2d6       80%         3
 Animate Armour           Summ/Erth      0%         N/A       99%         4
 Blade Hands              Tmut           0%         N/A       100%        5
 Dispersal                Tloc           0%         N/A       100%        6
 Iron Shot                Conj/Erth      0%         9d1       100%        6
 Orb of Destruction       Conj           0%         9d5       100%        7
 Spellforged Servitor     Conj/Summ      0%         N/A       100%        7


Dungeon Overview and Level Annotations

Branches:
Dungeon (6/15)             Temple (1/1) D:5           Sewer (1/1)

Altars:
Ashenzari
Gozag
Hepliaklqana
Nemelex Xobeh
Okawaru
Qazlal
Sif Muna
Trog
Uskayaw
Vehumet
Wu Jian
Yredelemnul

Annotations:
Sewer Pargi


Innate Abilities, Weirdness & Mutations

You do not regenerate when monsters are visible.
You are frail without blood (-20% HP).
You can heal yourself when you bite living creatures.
You are immune to poison.
You have razor-sharp teeth.
You have supernaturally acute eyesight. (SInv)
You are afflicted with vampirism and can become a bat while bloodless.


Message History

You bite Pargi, and draw his blood! You punch Pargi!
Pargi is moderately wounded.
Pargi closely misses you. Pargi claws you. Pargi claws you but does no damage.
You miss Pargi.
Pargi is moderately wounded.
You hit Pargi. Your bite misses Pargi.
Pargi is heavily wounded.
Pargi bites you. Pargi misses you. Pargi closely misses you.
You punch Pargi!
Pargi is severely wounded.
Pargi bites you but does no damage. Pargi misses you. Pargi barely misses you.
You closely miss Pargi.
Pargi is heavily wounded.
Pargi closely misses you. Pargi claws you. Pargi barely misses you.
You closely miss Pargi. Your punch misses Pargi.
Pargi is heavily wounded.
Pargi closely misses you. Pargi claws you but does no damage.
Pargi completely misses you.
You hit Pargi.
Pargi is severely wounded.
Pargi bites you. Pargi claws you but does no damage. Pargi claws you.
You closely miss Pargi.
Pargi is severely wounded.
Pargi pleads, "Don't hit me!"
Pargi bites you but does no damage. Pargi claws you. x2
You closely miss Pargi. Your punch misses Pargi.
Pargi is severely wounded.
Pargi bites you. Pargi claws you. Pargi barely misses you.
You barely miss Pargi.
Pargi is severely wounded.
Pargi bites you.
* * * LOW HITPOINT WARNING * * *
Pargi claws you but does no damage. Pargi claws you.
* * * LOW HITPOINT WARNING * * *
You punch Pargi!
Pargi is severely wounded.
You feel very mighty all of a sudden. Pargi bites you!
You die...
Your body crumbles into a pile of gold.

~≈~# #~≈~#
#~≈~# #~≈~#
##########
#..'.~≈~.+
####.~≈~.#
####.~≈~.####
#[.'.~≈~.@T.#
####.~≈~.####
####.~≈~.####
#.)'.~≈~.'..#
####.~≈~.####
####.~≈~.####
#..'..∩....∩#
####.~≈~.####
####.~≈~.####


You could see Pargi.

Vanquished Creatures
  An ogre (D:5)
  2 phantoms (D:5)
  A centaur (D:6)
  2 necrophages (D:5)
  A wight (D:6)
  A jelly (D:5)
  A hound (D:4)
  Ijyb (D:5)
  An iguana (D:5)
  2 orc wizards
  7 adders
  3 gnolls (D:4)
  A shadow imp (D:5)
  An ufetubus (D:5)
  3 worms
  3 dart slugs
  12 orcs
  2 bats
  6 endoplasms
  6 giant cockroaches
  7 goblins
  10 hobgoblins
  4 jackals (D:2)
  4 quokkas
  8 ball pythons
  6 frilled lizards
  14 kobolds
  7 rats
117 creatures vanquished.

Vanquished Creatures (others)
  An orc (D:5)
1 creature vanquished.

Grand Total: 118 creatures vanquished

Notes
Turn   | Place    | Note
-------+----------+-------------------------------------------
     0 | D:1      | Orangeyouglad the Vampire Gladiator began the quest for the
                  | Orb.
     0 | D:1      | Reached XP level 1. HP: 16/16 MP: 1/1
    82 | D:1      | Reached skill level 1 in Stealth
   135 | D:1      | Reached XP level 2. HP: 12/22 MP: 2/2
   405 | D:1      | Reached skill level 2 in Stealth
   405 | D:1      | Gained mutation: You are afflicted with vampirism and can
                  | become a bat while bloodless. [Vampire growth]
   405 | D:1      | Reached XP level 3. HP: 27/27 MP: 3/3
   458 | D:1      | Found a faded altar of an unknown god.
   525 | D:1      | Prayed at the altar of an unknown god.
   525 | D:1      | Became a worshipper of Gozag Ym Sagoz the Greedy
  1850 | D:3      | Reached XP level 4. HP: 33/34 MP: 4/4
  1982 | D:3      | Reached skill level 3 in Stealth
  2614 | D:4      | Found a sparkling altar of Nemelex Xobeh.
  2633 | D:4      | Reached XP level 5. HP: 28/40 MP: 5/5
  2892 | D:4      | Learned a level 3 spell: Confusing Touch
  3057 | D:4      | Reached skill level 4 in Stealth
  3132 | D:5      | Entered Level 5 of the Dungeon
  3275 | D:5      | Noticed a phantom
  3313 | D:4      | Reached skill level 1 in Hexes
  3418 | D:5      | Reached XP level 6. HP: 16/37 MP: 6/6
  3527 | D:5      | Found a staircase to the Ecumenical Temple.
  3537 | Temple   | Entered the Ecumenical Temple
  3857 | D:5      | Reached skill level 5 in Stealth
  3890 | D:5      | Noticed Ijyb
  3905 | D:5      | Reached skill level 5 in Dodging
  3905 | D:5      | Reached skill level 5 in Unarmed Combat
  3905 | D:5      | Reached XP level 7. HP: 35/46 MP: 7/7
  4157 | D:5      | Killed Ijyb
  4328 | D:6      | Reached skill level 6 in Stealth
  4480 | D:6      | Found a hide-covered altar of Uskayaw.
  4517 | D:6      | Found a glowing drain.
  4522 | Sewer    | Entered a sewer
  4644 | Sewer    | Noticed Pargi
  4657 | Sewer    | Slain by Pargi

Illustrated notes

Levels and vault maps discovered:
D:1:      nzn_arrival_depleted_hourglass, layout_rooms,
          hellmonk_ecumenical_altar_defaced_shrine
D:2:      layout_basic
D:3:      layout_basic, minmay_misc_feat_enclosed
D:4:      layout_rooms, nemelex_xobeh_ov_fountains_minmay,
          nicolae_elyvilon_peaceful_grove
D:5:      layout_basic, nicolae_ru_the_path_less_chosen, zin_statuary,
          nicolae_kikubaaqudgha_miasma_corner, temple_green,
          wad_rectangle_vault, uniq_ijyb
D:6:      layout_loops_ring, nicolae_uskayaw_dance_hall, portal_sewer_entry_e,
          uniq_grinder, uniq_pikel
Temple:   hellmonk_temple_of_storms
Sewer:    kennysheep_door_sewer

Skill      XL: |  1  2  3  4  5  6  7 |
---------------+----------------------+-----
Fighting       | 2 3 4 |  4.1
Stealth        | 1 2 3 4 5 6 |  6.2
Dodging        | 4 5 |  5.5
Unarmed Combat | 4 5 |  5.5
Hexes          | 1 3 4 |  4.2
Throwing       | |  1.5

Action                     |  1- 3 |  4- 6 |  7- 9 || total
---------------------------+-------+-------+-------++-------
  Melee: Unarmed           |   171 |   214 |    84 ||   469
         Bite              |    19 |    22 |    13 ||    54
         Punch             |     5 |     3 |     3 ||    11
  Throw: Javelin           |     3 |       |       ||     3
         Throwing net      |     1 |     2 |       ||     3
 Invoke: Potion Petition   |       |       |     2 ||     2
Ability: Exsanguinate      |       |     1 |     1 ||     2
         End Transformatio |       |     1 |       ||     1
         Bat Form          |       |     1 |       ||     1
         Revivify          |       |     1 |       ||     1
  Evoke: Wand              |       |     3 |    15 ||    18
    Use: Scroll            |       |       |     9 ||     9
         Potion            |       |       |     2 ||     2
   Stab: Sleeping          |     5 |     6 |     6 ||    17
         Distracted        |       |     1 |     1 ||     2
 Armour: Leather armour    |    27 |    37 |    19 ||    83
         Skin              |       |       |     2 ||     2
  Dodge: Dodged            |   109 |   128 |    57 ||   294

Table legend: (Time is in decaauts)
 A = Elapsed time spent in this place.
 B = Non-inter-level travel time spent in this place.
 C = Inter-level travel time spent in this place.
 D = Time resting spent in this place.
 E = Time spent auto-exploring this place.
 F = Levels seen in this place.
 G = Mean time per level.
                   A        B        C        D        E       F      G
               +--------+--------+--------+--------+--------+-----+--------+
         Total |   4618 |   4394 |    224 |    469 |   2093 |   8 |  577.2 |
       Dungeon |   4445 |   4221 |    224 |    469 |   2069 |   6 |  740.8 |
        Temple |     40 |     40 |      0 |      0 |     24 |   1 |   40.0 |
         Sewer |    132 |    132 |      0 |      0 |      0 |   1 |  132.0 |
               +--------+--------+--------+--------+--------+-----+--------+

Top non-repeatable levels by time:
     D:2: 1113 daAuts
     D:5: 942 daAuts
     D:4: 790 daAuts
     D:1: 756 daAuts
     D:3: 637 daAuts
     D:6: 205 daAuts
   Sewer: 132 daAuts
  Temple: 40 daAuts
